 Dungeon Crawl Stone Soup version 0.30-a0-1103-g25895a7845 (webtiles) character file.

Game seed: 2278701386409537320

39 Newt the Trooper (level 3, -1/30 HPs)
             Began as a Demonspawn Gladiator on Apr 18, 2023.
             Was a Believer of Makhleb.
             Killed by nerve-wracking pain
             ... invoked by an orc priest
              (13 damage)
             ... on level 2 of the Dungeon.
             The game lasted 00:01:51 (1297 turns).

Newt the Trooper (Demonspawn Gladiator)             Turns: 1297, Time: 00:01:52

Health: -1/30      AC:  4    Str: 16    XL:     3   Next: 26%
Magic:  3/3        EV: 12    Int:  9    God:    Makhleb [**....]
Gold:   35         SH:  0    Dex: 14    Spells: 2/2 levels left

rFire   . . .      SeeInvis .    a - +0 rapier
rCold   . . .      Faith    .    (no shield)
rNeg    . . .      Spirit   .    b - +0 leather armour
rPois   .          Reflect  .    c - +0 helmet
rElec   .          Rampage  .    (no cloak)
rCorr   .                        (no gloves)
Will    .....                    (no boots)
Stlth   +                        (no amulet)
HPRegen 0.25/turn                (no ring)
MPRegen 0.08/turn                (no ring)

@: no status effects
A: sturdy frame 2
a: Renounce Religion, Minor Destruction


You were on level 2 of the Dungeon.
You worshipped Makhleb.
Makhleb was pleased with you.
You visited 1 branch of the dungeon, and saw 2 of its levels.

You collected 35 gold pieces.

Inventory:

Hand Weapons
 a - a +0 rapier (weapon)
Missiles
 d - 3 throwing nets (quivered)
 i - 12 stones
Armour
 b - a +0 leather armour (worn)
 c - a +0 helmet (worn)
Scrolls
 f - a scroll of teleportation
 g - a scroll of vulnerability
Potions
 j - a potion of lignification
 k - a potion of curing
 m - a potion of haste


   Skills:
 + Level 3.7 Fighting
 - Level 2.6 Short Blades
 - Level 1.7 Throwing
 - Level 2.6 Dodging


You had 2 spell levels left.
You didn't know any spells.
Your spell library contained the following spells:

 Spells                   Type           Power      Damage    Failure   Level
 Beastly Appendage        Tmut           0%         N/A       38%         1
 Slow                     Hex            0%         N/A       38%         1
 Ensorcelled Hibernation  Hex/Ice        0%         N/A       52%         2
 Passwall                 Tmut/Erth      0%         N/A       52%         2
 Wereblood                Tmut           0%         N/A       52%         2
 Confusing Touch          Hex            0%         N/A       77%         3
 Spider Form              Tmut/Pois      0%         N/A       77%         3
 Swiftness                Air            0%         N/A       77%         3
 Vampiric Draining        Necr           0%         2d6       77%         3
 Vhi's Electric Charge    Tloc/Air       0%         N/A       77%         3
 Arcjolt                  Conj/Air       0%         1d10      100%        5
 Maxwell's Capacitive Co  Air            0%         ∞         100%        8


Dungeon Overview and Level Annotations

Branches:
Dungeon (2/15)

Altars:
Makhleb


Innate Abilities, Weirdness & Mutations

Your movements are less encumbered by armour. (ER -4)


Message History

The orc shouts!
A rat comes into view.
The orc priest mumbles some strange prayers to Beogh against you.
Pain shoots through your body!
Unknown command.
Throw: javelin
Press: ? - help, Shift-Dir - straight line, f - orc priest
Aim: an orc priest, wielding a +0 club and wearing a +0 leather armour (59% to hit)
You throw a javelin. The javelin pierces through the orc!
You kill the orc!
Makhleb accepts your kill.
The javelin closely misses the orc.
The javelin pierces through the orc priest but does no damage.
Unknown command.
Unknown command.
The orc hits you with a +0 war axe.
You hit the orc.
The orc is lightly wounded.
The orc barely misses you.
You hit the orc.
The orc is severely wounded.
The orc hits you with a +0 war axe!
You hit the orc.
You kill the orc!
Makhleb accepts your kill.
You hit the orc priest.
The orc priest is lightly wounded.
The orc priest barely misses you.
You hit the orc priest but do no damage.
The orc priest is lightly wounded.
The orc priest hits you with a +0 club.
You barely miss the orc priest.
The orc priest is lightly wounded.
The orc priest hits you with a +0 club.
You hit the orc priest.
The orc priest is moderately wounded.
The orc priest hits you with a +0 club.
The orc priest mumbles some strange prayers to Beogh against you.
Pain shoots through your body!
You die...

..#
##+######(..#
#.....oo.....
#.......o....
#..o...o.....
##.#########.
#.# #####
###########.#
#...#
#....@oo..(.#
#...#
#.###########
#...# #.#
#...# #)#
#...# #÷#
#...# #)#
##...#######.#
.............#
##....#)...###


You could see an orc priest and an orc.

Vanquished Creatures
  A worm (D:2)
  A dart slug (D:1)
  2 orcs (D:2)
  4 ball pythons (D:1)
  2 bats
  4 endoplasms (D:1)
  4 goblins (D:1)
  2 hobgoblins (D:1)
  2 jackals (D:1)
  2 frilled lizards (D:1)
  3 kobolds
  3 rats (D:1)
30 creatures vanquished.

Notes
Turn   | Place    | Note
-------+----------+-------------------------------------------
     0 | D:1      | Newt the Demonspawn Gladiator began the quest for the Orb.
     0 | D:1      | Reached XP level 1. HP: 16/16 MP: 1/1
    31 | D:1      | Found a faded altar of an unknown god.
    39 | D:1      | Prayed at the altar of an unknown god.
    39 | D:1      | Became a worshipper of Makhleb the Destroyer
    39 | D:1      | Reached * piety under Makhleb
   182 | D:1      | Gained mutation: Your movements are slightly less
                  | encumbered by armour. (ER -2) [demonic ancestry]
   182 | D:1      | Reached XP level 2. HP: 14/23 MP: 2/2
   283 | D:1      | Reached skill level 3 in Fighting
   567 | D:1      | Reached ** piety under Makhleb
   613 | D:1      | Gained mutation: Your movements are less encumbered by
                  | armour. (ER -4) [demonic ancestry]
   613 | D:1      | Reached XP level 3. HP: 25/29 MP: 3/3
  1297 | D:2      | Killed from afar by an orc priest

Illustrated notes

Levels and vault maps discovered:
D:1:      scummos_arrival_forest, layout_basic,
          dreamdust_ecumenical_altar_hidden_monk_grotto, hangedman_decor_lopped
D:2:      layout_basic, minmay_pentomino_z2, uniq_terence

Skill      XL: |  1  2 |
---------------+-------+-----
Fighting       | 3 |  3.7
Short Blades   | |  2.6
Throwing       | |  1.7
Dodging        | |  2.6

Action                     || total
---------------------------++-------
  Melee: Rapier            ||    95
         Punch             ||     2
  Throw: Javelin           ||     1
    Use: Scroll            ||     5
         Potion            ||     1
   Stab: Sleeping          ||     2
 Armour: Leather armour    ||    35
  Dodge: Dodged            ||    56

Table legend: (Time is in decaauts)
 A = Elapsed time spent in this place.
 B = Non-inter-level travel time spent in this place.
 C = Inter-level travel time spent in this place.
 D = Time resting spent in this place.
 E = Time spent auto-exploring this place.
 F = Levels seen in this place.
 G = Mean time per level.
                   A        B        C        D        E       F      G
               +--------+--------+--------+--------+--------+-----+--------+
         Total |   1303 |   1283 |     20 |    189 |    831 |   2 |  651.5 |
       Dungeon |   1303 |   1283 |     20 |    189 |    831 |   2 |  651.5 |
               +--------+--------+--------+--------+--------+-----+--------+

Top non-repeatable levels by time:
     D:1: 976 daAuts
     D:2: 327 daAuts
